 Dungeon Crawl Stone Soup version 0.20-a0-629-gc37eb77 (webtiles) character file.

5727 Alarkh the Thaumaturge (level 10, -4/63 HPs)
             Began as a Mummy Summoner on Feb 10, 2017.
             Was a High Priest of Okawaru.
             Slain by an orc warrior
             ... wielding a +0 broad axe
              (20 damage)
             ... in a bailey.
             The game lasted 00:29:39 (12896 turns).

Alarkh the Thaumaturge (Mummy Summoner)            Turns: 12896, Time: 00:29:40

Health: -4/63      AC:  8    Str: 15    XL:     10   Next: 48%
Magic:  22/33      EV: 12    Int: 17    God:    Okawaru [*****.]
Gold:   558        SH:  0    Dex: 13    Spells: 18/29 levels left

rFire    x . .     SeeInvis .   a - +4 great sword
rCold    + . .     Gourm    .   h - +0 robe
rNeg     + + +     Faith    .   (shield currently unavailable)
rPois    ∞         Spirit   .   (no helmet)
rElec    +         Reflect  .   w - +0 cloak
rCorr    .         Harm     .   f - +1 pair of gloves
MR       +....                  c - +2 pair of boots
Stlth    ++........             (no amulet)
Regen    0.2/turn               t - ring "Falosetu" {Wiz +Blink rElec MP+9 Str+3}
                                p - ring of flight

@: flying
A: no food or potions, fire vulnerability, cold resistance 1, negative energy
resistance 3, torment resistance, unbreathing
a: Heroism, Finesse, Renounce Religion, Evoke Blink, Stop Flying


You were in a bailey.
You worshipped Okawaru.
Okawaru was extremely pleased with you.
You were not hungry.

You visited 2 branches of the dungeon, and saw 11 of its levels.
You also visited: Sewer and Bailey.

You collected 558 gold pieces.

Inventory:

Hand Weapons
 a - a +4 great sword (weapon)
 d - a +0 short sword
 i - a +2 hand axe of venom
 k - a +1 long sword
 m - a +0 mace
Armour
 c - a +2 pair of boots (worn)
 f - a +1 pair of gloves (worn)
 h - a +0 robe (worn)
 w - a +0 cloak (worn)
Jewellery
 j - an uncursed ring of fire
 p - a ring of flight (left hand)
 t - the ring "Falosetu" (right hand) {Wiz +Blink rElec MP+9 Str+3}
   (You found it on level 5 of the Dungeon)

   [ring of wizardry]

   It improves your spell success rate.
   It affects your strength (+3).
   It insulates you from electricity.
   It affects your magic capacity (+9).
   It lets you blink.
Scrolls
 e - a scroll of identify
 g - a scroll of recharging
 l - 3 scrolls of remove curse
 n - a scroll of blinking
 o - 4 scrolls of teleportation
 r - 2 scrolls of immolation
 u - 2 scrolls of amnesia
Books
 b - a book of Callings

   Spells                             Type                      Level
   a - Summon Small Mammal            Summoning                    1
   b - Call Imp                       Summoning                    2
   c - Call Canine Familiar           Summoning                    3
   d - Summon Guardian Golem          Hexes/Summoning              3
   e - Summon Lightning Spire         Summoning/Air                4
   f - Summon Ice Beast               Ice/Summoning                4
 q - a book of Misfortune

   Spells                             Type                      Level
   a - Confusing Touch                Hexes                        1
   b - Confuse                        Hexes                        3
   c - Gell's Gravitas                Hexes/Translocation          3
   d - Petrify                        Transmutation/Earth          4
   e - Metabolic Englaciation         Hexes/Ice                    5
   f - Yara's Violent Unravelling     Hexes/Transmutation          5
 v - a book of Geomancy

   Spells                             Type                      Level
   a - Sandblast                      Earth                        1
   b - Passwall                       Transmutation/Earth          2
   c - Stone Arrow                    Conjuration/Earth            3
   d - Petrify                        Transmutation/Earth          4
   e - Lee's Rapid Deconstruction     Earth                        5
 y - a book of Beasts

   Spells                             Type                      Level
   a - Summon Butterflies             Summoning                    1
   b - Call Canine Familiar           Summoning                    3
   c - Summon Ice Beast               Ice/Summoning                4
   d - Summon Mana Viper              Hexes/Summoning              5
   e - Summon Hydra                   Summoning                    7


   Skills:
 * Level 7.6 Long Blades
 - Level 1.5 Dodging
 - Level 1.5 Stealth
 + Level 10.2 Spellcasting
 * Level 9.0 Summonings


You had 18 spell levels left.
You knew the following spells:

 Your Spells              Type           Power        Failure   Level  Hunger
a - Call Canine Familiar  Summ           #####...     1%          3    N/A
b - Summon Small Mammal   Summ           ####         1%          1    N/A
c - Summon Guardian Gole  Hex/Summ       ###.....     1%          3    N/A
d - Summon Ice Beast      Ice/Summ       ###.....     6%          4    N/A

Dungeon Overview and Level Annotations

Branches:
Dungeon (10/15)            Temple (1/1) D:7            Lair (0/6) D:10
    Orc (0/2) D:10

Altars:
Ashenzari
Cheibriados
Dithmenos
Elyvilon
Fedhas
Gozag
Kikubaaqudgha
Makhleb
Okawaru
Qazlal
Ru
Sif Muna
Trog
Uskayaw
Vehumet
Xom
Yredelemnul
Zin
The Shining One


Innate Abilities, Weirdness & Mutations

You do not eat or drink.
Your flesh is vulnerable to fire.
You are immune to poison.
Your flesh is cold resistant. (rC+)
You are immune to negative energy. (rN+++)
You are immune to unholy pain and torment.
You can survive without breathing.


Message History

Your ice beast misses the orc warrior.
The hobgoblin closely misses your ice beast.
Your ice beast barely misses the orc warrior.
The hobgoblin hits your ice beast with a hand axe.
The hobgoblin hits your ice beast but does no damage.
Something misses your ice beast.
Something hits your ice beast but does no damage.
The hobgoblin hits your ice beast with a hand axe.
Your ice beast misses the hobgoblin.
There is an open gate, spattered with blood here.
Things that are here:
a hand axe; a leather armour You feel very buoyant.
You fly up into the air.
Something barely misses your ice beast.
Your ice beast hits the hobgoblin.
Your ice beast freezes the hobgoblin!
The hobgoblin dies!
Okawaru accepts your kill.
The hobgoblin hits your ice beast with a hand axe.
The orc warrior hits you with a broad axe!!
You die...

##############.......########
≈≈≈≈≈≈≈≈≈≈≈≈≈.........≈≈≈≈≈≈≈
≈≈≈≈≈≈≈≈≈≈≈≈≈≈≈≈...≈≈≈≈≈≈≈≈≈≈
≈≈≈≈≈≈≈≈≈≈≈≈≈≈≈≈...≈≈≈≈≈≈≈≈≈≈
≈≈≈≈≈≈≈≈≈≈≈≈≈≈≈≈...≈≈≈≈≈≈≈≈≈≈
≈≈≈≈≈≈≈≈≈≈≈≈≈≈≈≈...≈≈≈≈≈≈≈≈≈≈
≈≈≈≈≈≈######≈≈≈≈...≈≈≈≈######
≈≈≈≈≈≈# #...........# ≈≈≈≈≈≈#
#####@)'##### ≈≈≈≈≈≈#
#..'o))).+ ≈≈≈≈≈≈# #..Y.....+
≈≈≈≈≈≈#+####.)#..⌠..#
≈≈≈≈≈≈≈.#...Y.#.....#
≈≈≈≈≈≈≈.#.8go.#.....#
≈≈≈≈≈≈≈.#.))o.#######
≈≈≈≈≈≈≈.#.8)########
≈≈≈≈≈≈≈.#..)........


You could see an orc warrior, an orc, a hobgoblin and 2 friendly ice beasts.

Vanquished Creatures
  An ice beast (D:7)
  A centaur (D:10)
  2 bullfrogs (D:6)
  Dowan (D:4)
  4 killer bees
  An electric eel (Bailey)
  An orc priest (D:10)
  Crazy Yiuf (D:4)
  4 orc wizards
  Natasha (thrice) (D:3)
  2 iguanas (D:9)
  2 worker ants
  A hound skeleton (D:8)
  A hound zombie (D:9)
  7 adders
  A shadow imp (D:9)
  2 oozes
  2 worms
  3 dart slugs
  10 leopard geckos
  14 orcs
  8 bats
  10 giant cockroaches
  13 goblins
  3 hobgoblins
  4 jackals
  A quokka (D:5)
  A ball python (D:2)
  A ball python skeleton (D:5)
  7 frilled lizards
  2 kobolds
  A leopard gecko zombie (D:6)
  9 rats
124 creatures vanquished.

Vanquished Creatures (collateral kills)
  4 two-headed ogres
  An orc high priest (Bailey)
  A deep elf mage (D:7)
  Grinder (D:3)
  Prince Ribbit (D:6)
  A hippogriff (D:9)
  Sigmund (D:3)
  A hungry ghost (D:9)
  Duvessa (D:4)
  3 ice beasts
  A water moccasin (D:9)
  2 sky beasts
  2 ogres
  6 orc warriors
  2 black bears
  A necrophage (D:7)
  5 bullfrogs
  2 scorpions (D:8)
  6 killer bees (D:9)
  5 wights (D:8)
  2 howler monkeys
  5 crimson imps
  A jelly (D:7)
  A centaur skeleton (D:4)
  A hound (D:8)
  5 orc priests
  5 orc wizards
  A bullfrog skeleton (D:10)
  Jessica (D:2)
  3 worker ants
  A statue (D:6)
  A hound zombie (D:6)
  5 gnolls
  A howler monkey skeleton (D:6)
  10 adders
  2 shadow imps
  3 oozes
  2 worms (D:3)
  3 dart slugs
  2 leopard geckos
  25 orcs
  3 bats
  4 giant cockroaches
  A goblin (D:3)
  3 hobgoblins (Bailey)
  4 jackals
  2 kobolds (D:1)
  3 quokkas
  5 frilled lizards (Sewer)
  A leopard gecko skeleton (D:7)
  2 leopard gecko zombies
  A quokka skeleton (D:4)
  A rat (D:1)
157 creatures vanquished.

Vanquished Creatures (others)
  A troll (D:10)
  An orc warrior (D:7)
2 creatures vanquished.

Grand Total: 283 creatures vanquished

Notes
Turn   | Place    | Note
-------+----------+-------------------------------------------
     0 | D:1      | Alarkh the Mummy Summoner began the quest for the Orb.
     0 | D:1      | Reached XP level 1. HP: 13/13 MP: 4/4
   379 | D:1      | Reached skill level 3 in Spellcasting
   379 | D:1      | Reached XP level 2. HP: 19/19 MP: 1/6
   878 | D:1      | Reached XP level 3. HP: 24/24 MP: 4/8
   888 | D:1      | Learned a level 3 spell: Call Canine Familiar
   892 | D:1      | Learned a level 3 spell: Summon Guardian Golem
   958 | D:2      | Reached skill level 4 in Spellcasting
  1356 | D:2      | Noticed Jessica
  1365 | D:2      | Killed Jessica
  1365 | D:2      | Reached XP level 4. HP: 27/30 MP: 3/10
  1398 | D:2      | Reached skill level 1 in Long Blades
  1649 | D:2      | Learned a level 4 spell: Summon Ice Beast
  1961 | D:3      | Noticed Grinder
  1974 | D:3      | Paralysed by Grinder for 7 turns
  1995 | D:3      | Killed Grinder
  1995 | D:3      | Reached skill level 5 in Spellcasting
  1995 | D:3      | Reached XP level 5. HP: 20/35 MP: 6/12
  1995 | D:3      | Reached XP level 6. HP: 23/41 MP: 7/14
  2006 | D:3      | Noticed Natasha
  2018 | D:3      | Killed Natasha
  2030 | D:3      | Noticed Natasha
  2036 | D:3      | Killed Natasha
  2043 | D:3      | Noticed Natasha
  2294 | D:3      | Killed Natasha
  2616 | D:3      | Noticed Sigmund
  2627 | D:3      | Killed Sigmund
  2657 | D:3      | Reached skill level 6 in Spellcasting
  3018 | D:3      | Found a white marble altar of Elyvilon.
  3186 | D:4      | Noticed Dowan
  3187 | D:4      | Noticed Duvessa
  3214 | D:3      | Reached XP level 7. HP: 22/46 MP: 13/16
  3413 | D:4      | Killed Dowan
  3413 | D:4      | Reached skill level 5 in Summonings
  3444 | D:4      | Killed Duvessa
  3930 | D:4      | Found a runed door.
  4287 | D:5      | Entered Level 5 of the Dungeon
  4320 | D:5      | Found a glowing drain.
  4383 | Sewer    | Entered a sewer
  5384 | D:5      | Got a pitted ivory ring
  5442 | D:5      | Identified the ring "Falosetu" {Wiz +Blink rElec MP+9 Str+3} (You found it on level 5 of the Dungeon)
  5611 | D:5      | Reached skill level 7 in Spellcasting
  6153 | D:6      | Reached XP level 8. HP: 40/52 MP: 5/18
  6277 | D:6      | Found a radiant altar of Vehumet.
  7272 | D:6      | Noticed Prince Ribbit
  7278 | D:6      | Killed Prince Ribbit
  7278 | D:6      | Reached skill level 8 in Spellcasting
  7645 | D:7      | Noticed a deep elf mage
  8340 | D:7      | Found a staircase to the Ecumenical Temple.
  8349 | Temple   | Entered the Ecumenical Temple
  8533 | Temple   | Became a worshipper of Warmaster Okawaru
  8611 | D:7      | Killed a deep elf mage
  8611 | D:7      | Reached * piety under Okawaru
  8611 | D:7      | Reached skill level 5 in Long Blades
  8678 | D:7      | Reached XP level 9. HP: 46/57 MP: 16/21
  9084 | D:4      | Noticed Crazy Yiuf
  9089 | D:4      | Killed Crazy Yiuf
  9279 | D:8      | Reached ** piety under Okawaru
  9675 | D:8      | Reached skill level 9 in Spellcasting
  9689 | D:8      | Noticed a two-headed ogre
 10779 | D:8      | Killed a two-headed ogre
 10779 | D:8      | Reached *** piety under Okawaru
 11053 | D:9      | Found a white marble altar of Elyvilon.
 11252 | D:9      | Noticed a two-headed ogre
 11349 | D:9      | Received a gift from Okawaru
 11368 | D:9      | Killed a two-headed ogre
 11368 | D:9      | Reached XP level 10. HP: 37/63 MP: 22/23
 11691 | D:9      | Noticed a two-headed ogre
 11711 | D:9      | Killed a two-headed ogre
 11711 | D:9      | Reached **** piety under Okawaru
 11835 | D:9      | Found a deep blue altar of Sif Muna.
 12133 | D:10     | Entered Level 10 of the Dungeon
 12199 | D:9      | Noticed a two-headed ogre
 12210 | D:9      | Killed a two-headed ogre
 12210 | D:9      | Reached skill level 10 in Spellcasting
 12382 | D:10     | Found a staircase to the Orcish Mines.
 12394 | D:10     | Found a staircase to the Lair.
 12647 | D:10     | Found a flagged portal.
 12750 | Bailey   | Entered a bailey
 12845 | Bailey   | Found an iron altar of Okawaru.
 12845 | Bailey   | Noticed an orc high priest
 12865 | Bailey   | Killed an orc high priest
 12865 | Bailey   | Reached ***** piety under Okawaru
 12896 | Bailey   | Slain by an orc warrior

Vault maps used:
D:1:      dpeg_arrival_three_bigger_balls
D:2:      minmay_tromino_v4_c, uniq_jessica
D:3:      nicolae_overflow_hidden_temple, uniq_grinder, uniq_sigmund,
          uniq_natasha
D:4:      hangedman_glass_teeth, uniq_duvessa, uniq_crazy_yiuf_cottage
D:5:      gup_sewer_entry_pipe, first_bread
D:6:      vehumet_statue, hangedman_decor_slide_cut, serial_park_tiny_1,
          uniq_prince_ribbit1
D:7:      minmay_opposing_rooms, minmay_temple_entry_poolview
D:9:      old_standard_altar, basic_altar
D:10:     erik_lair_orcish_takeover, orc_0_dummy, enter_bailey_3
Temple:   eino_temple_rhombus
Sewer:    sewer_frog_island_01
Bailey:   bailey_axe_of_yendor_kennysheep, bailey

Skill      XL: |  1  2  3  4  5  6  7  8  9 10 |
---------------+-------------------------------+-----
Spellcasting   | 3 4 5 6 7 8 9 10 | 10.2
Long Blades    | 2 3 5 6 7 |  7.6
Summonings     | 4 5 6 8 9 |  9.0
Dodging        | |  1.5
Stealth        | |  1.5

Action                   |  1- 3 |  4- 6 |  7- 9 | 10-12 || total
-------------------------+-------+-------+-------+-------++-------
Melee: Short sword       |    12 |       |       |       ||    12
       Mace              |    55 |       |       |       ||    55
       Long sword        |    10 |   105 |   301 |       ||   416
       Great sword       |       |       |    29 |    55 ||    84
 Cast: Summon Small Mamm |    21 |     6 |     2 |       ||    29
       Call Canine Famil |    10 |    19 |    95 |    12 ||   136
       Summon Ice Beast  |       |       |    51 |    19 ||    70
       Summon Guardian G |       |       |    21 |     4 ||    25
Invok: Heroism           |       |       |     2 |     2 ||     4
 Abil: Evoke Flight      |       |       |     2 |     2 ||     4
  Use: Scroll            |       |       |    11 |     4 ||    15
 Stab: Sleeping          |     4 |     1 |     1 |     1 ||     7
       Distracted        |       |       |     3 |     1 ||     4
Armor: Robe              |    38 |    35 |   137 |    29 ||   239
Dodge: Dodged            |    55 |    81 |   256 |    61 ||   453
       Rpst.: Long sword |     2 |    33 |    71 |       ||   106
       Great sword       |       |       |     6 |    20 ||    26
